 Dungeon Crawl Stone Soup version 0.16.1-16-gc44b35d (webtiles) character file.

273101 ventricule the Tortoise (level 21, 0/139 HPs)
             Began as a Formicid Chaos Knight on Apr 17, 2015.
             Slain by a grey draconian
             ... wielding a +0 halberd
              (2 damage)
             ... on level 4 of the Abyss on Apr 20, 2015.
             The game lasted 04:18:11 (57900 turns).

ventricule the Tortoise (Formicid Chaos Knight)    Turns: 57900, Time: 04:18:11

Health: 0/139      AC: 31    Str: 20      XL:     21   Next: 13%
Magic:  0/28       EV: 21    Int: 10 (11) God:    Xom [..*...]
Gold:   3024       SH: 12    Dex: 15 (16) Spells: 0 memorised, 20 levels left

rFire  + . .     SeeInvis +     M - +1 scimitar (flame)
rCold  + . .     Clarity  .     d - +3 plate armour {rC+} (curse)
rNeg   . . .     SustAb   .     W - +0 shield
rPois  .         Gourm    .     (helmet unavailable)
rElec  .         Spirit   +     r - +0 cloak
rCorr  .         Warding  .     S - +2 pair of gloves
rMut   .         Stasis   +     (boots unavailable)
MR     ++++.                    C - amulet of guardian spirit
Stlth  ..........               i - +4 ring of evasion
                                F - +4 ring of slaying (curse)

@: mighty, very slightly contaminated, non-regenerating, mildly diseased,
incredibly resistant to hostile enchantments, extremely unstealthy
A: permanent stasis, dig shafts and tunnels, four strong arms, antennae 3, beak,
claws 1, talons 3, repulsion field 1, rough black scales 1, camouflage 1, agile
1, blurry vision 2, clever 1, clumsy 1, deterioration 2, dopey 2, fire
resistance 1, frail 2, low mp 2, magic resistance 2, screaming 2, shaggy fur 1,
slow healing 2, spit poison 1, weak 2, wild magic 1, no device heal 3, forlorn,
placid magic 1, MP-powered wands 1
a: Dig, Shaft Self, Spit Poison, Renounce Religion
}: 2/15 runes: serpentine, barnacled


You were on level 4 of the Abyss.
You worshipped Xom.
You were a toy of Xom.
You were very hungry.

You visited 6 branches of the dungeon, and saw 38 of its levels.
You visited the Abyss 1 time.
You also visited: Labyrinth, Bailey and Ice Cave.

You collected 4930 gold pieces.
You spent 1665 gold pieces at shops.


Innate Abilities, Weirdness & Mutations

You are under a permanent stasis effect.
You can dig through walls and to a lower floor.
Your four strong arms can wield two-handed weapons with a shield.
You have a pair of large antennae on your head (SInv).
You have a beak for a mouth.
You have sharp fingernails.
You have claws for feet.
You are surrounded by a mild repulsion field (EV +2).
You are partially covered in rough black scales (AC +4, Dex -1).
Your skin changes colour to match your surroundings (Stealth).
You are agile. (Dex +2)
Your mind is acute. (Int +2)
Your flesh is heat resistant.
You are highly resistant to hostile enchantments.
You are covered in fur (AC +1).
You can spit poison.
Your spells are a little harder to cast, but a little more powerful.
[Scrolls take you longer to read.]
[You are clumsy. (Dex -2)]
[Your body is deteriorating.]
[You are very dopey. (Int -4)]
[You are very frail (-20% HP).]
[Your magical capacity is very low (-20% MP).]
[You sometimes yell uncontrollably at your foes.]
[You do not heal naturally when monsters are visible.]
[You are very weak. (Str -4)]
[Potions and wands cannot restore your health.]
[You have difficulty communicating with the divine.]
[Your spells are a little easier to cast, but a little less powerful.]
[You expend magic power (3 MP) to slightly strengthen your wands.]


   Skills:
 - Level 17.2 Fighting
 - Level 14.5 Long Blades
 + Level 18.3 Armour
 - Level 17.0 Dodging
 - Level 10.0 Shields
 - Level 12.0 Evocations


You had 20 spell levels left.
You didn't know any spells.

Inventory:

Hand weapons
 a - the +3 scimitar of Dominance {vamp, rC+ rN+ Dex-5 SInv}
   (You took it off a merfolk on level 5 of the Shoals)

   It inflicts no extra harm, but heals its wielder somewhat when it strikes a
   living foe.
   It affects your dexterity (-5).
   It protects you from cold.
   It protects you from negative energy.
   It enhances your eyesight.
 k - a +4 falchion of chaos
 m - a +0 blowgun
 M - a +1 scimitar of flaming (weapon)
Missiles
 T - 8 curare-tipped needles {=f}
Armour
 d - a cursed +3 plate armour of cold resistance (worn)
 r - a +0 cloak (worn)
 O - the +2 ring mail of Maxitid {rF++ rC- Int+4, unknown}
   (You found it on level 4 of the Abyss)

   It affects your intelligence (+4).
   It greatly protects you from fire.
   It makes you vulnerable to cold.
 S - a +2 pair of gloves (worn)
 W - a +0 shield (worn)
 Y - a +2 pair of boots
Rods
 E - a +3 rod of the swarm (10/10) {!a}
   (Xom gifted it to you on level 3 of the Shoals)
Jewellery
 b - a ring of stealth
 e - a ring of positive energy
 i - a +4 ring of evasion (right hand)
 w - a ring of invisibility
 A - a ring of protection from cold
 C - an amulet of guardian spirit (around neck)
 F - a cursed +4 ring of slaying (left hand)
 G - an amulet of warding
 Q - a ring of fire
 V - a +1 ring of slaying
 X - a ring of poison resistance
Magical devices
 v - a wand of disintegration (3)
 H - a wand of invisibility (0)
 J - a wand of fire (3)
 K - a wand of heal wounds (7) {!d@v2}
 L - a wand of cold (11)
 U - a wand of heal wounds (5) {!d@v2}
Scrolls
 g - 3 scrolls of fog
 j - a scroll of recharging
 n - 2 scrolls of summoning
 p - 9 scrolls of immolation {!r}
 q - 12 scrolls of identify {@r1}
 u - 2 scrolls of vulnerability {!r}
 y - a scroll of holy word
 B - 9 scrolls of remove curse
 N - 3 scrolls of magic mapping
 P - 3 scrolls of fear
 Z - 2 scrolls of silence {!r}
Potions
 h - a potion of brilliance
 o - 3 potions of restore abilities
 t - 4 potions of heal wounds {@q2}
 x - 2 potions of agility
 z - 6 potions of curing {@q1}
 D - 5 potions of might
 I - 3 potions of magic
Miscellaneous
 s - a fan of gales
 R - a lamp of fire (inert)
Comestibles
 c - 18 bread rations
 f - 2 royal jellies

Dungeon Overview and Level Annotations

Branches:
Dungeon (15/15)            Temple (0/1) D:4            Lair (8/8) D:10
 Shoals (5/5) Lair:3        Snake (5/5) Lair:5        Slime (0/6) Lair:7
    Orc (4/4) D:9             Elf (0/3) Orc:3        Vaults (0/5) D:14
 Depths (1/5) D:15

Altars:
Ashenzari
Elyvilon
Fedhas
Kikubaaqudgha
Makhleb
Nemelex Xobeh
Okawaru
Ru
Sif Muna
Trog
Vehumet
Xom
Zin

Shops:
D:12 *   Orc:3 *   Orc:4 :(*[*   Shoals:2 *

Portals:
Abyss: Depths:1

Annotations:
Lair:4 Rupert
Lair:8 exclusion: 4 oklob plants

.....#.....# ###..#.
..#........# #{##.#
............# ###...
........[...####†X#.#
............†......#.
........#.......##..
....≈..≈d.≈.####.# #
# ....+##x#+≈# #. .
.. +≈≈a≈+.# ##. ...
+≈_.≈# . ### # #
#≈.⌠≈+..# #.. . .
#≈≈≈≈# .. ... +++#+#
#


You could see a grey draconian and a small abomination.


Message History

Your plate armour prevents you from hitting the earth elemental.
You claw the earth elemental!
The earth elemental is moderately damaged.
You block the earth elemental's attack.
You slash the earth elemental!
The earth elemental is heavily damaged.
The large abomination is engulfed in roaring flames.
The large abomination hits your fire elemental.
Your fire elemental hits the large abomination.
Your fire elemental burns the large abomination!
You slash the earth elemental! You claw the earth elemental.
The earth elemental is severely damaged.
Your fire elemental hits the large abomination.
Your fire elemental burns the large abomination!
The large abomination is engulfed in roaring flames.
The large abomination hits your fire elemental!!
Your fire elemental is destroyed!
You block the earth elemental's attack.
You hit the earth elemental. You peck the earth elemental.
You destroy the earth elemental!
You flicker back into view.
The grey draconian hits you from afar with a halberd!!
* * * LOW HITPOINT WARNING * * *
The large abomination is engulfed in roaring flames.
The large abomination is destroyed!
A profane servitor comes into view. It is wielding an enchanted whip.
There is an open door here.
You enter the shallow water.
The grey draconian hits you from afar with a halberd.
You die...

Action                   |  1- 3 |  4- 6 |  7- 9 | 10-12 | 13-15 | 16-18 | 19-21 || total
-------------------------+-------+-------+-------+-------+-------+-------+-------++-------
Melee: Falchion          |   116 |   163 |   357 |  1082 |    79 |   107 |    15 ||  1919
       Unarmed           |       |     1 |       |       |       |    23 |     4 ||    28
       Scimitar          |       |       |       |   132 |  1868 |  2293 |  2389 ||  6682
 Fire: Blowgun           |       |       |     9 |     7 |     1 |     2 |       ||    19
Throw: Tomahawk          |       |       |       |     2 |       |       |       ||     2
 Abil: Dig               |       |       |     3 |    12 |    24 |    31 |    51 ||   121
       Shaft Self        |       |       |     1 |     1 |     1 |       |       ||     3
Evoke: Wand              |       |       |     1 |       |     3 |     1 |     7 ||    12
       Deck              |       |       |       |       |       |     1 |     3 ||     4
       Fan of gales      |       |       |       |       |       |     1 |       ||     1
       Rod               |       |       |       |       |       |       |     2 ||     2
       Lamp of fire      |       |       |       |       |       |       |     2 ||     2
  Use: Scroll            |       |     7 |    11 |     9 |     6 |     8 |     3 ||    44
       Potion            |       |     3 |     2 |     2 |     2 |     9 |     4 ||    22
 Stab: Confused          |       |     2 |       |    20 |     6 |    12 |     9 ||    49
       Sleeping          |       |     1 |       |       |       |       |       ||     1
       Paralysed         |       |       |     1 |    17 |     5 |     8 |     8 ||    39
       Petrifying        |       |       |       |    13 |     1 |     1 |     3 ||    18
       Petrified         |       |       |       |     8 |     3 |     1 |       ||    12
       Fleeing           |       |       |       |     1 |       |       |       ||     1
       Distracted        |       |       |       |       |     6 |     8 |     5 ||    19
       Invisible         |       |       |       |       |     9 |    24 |     7 ||    40
  Eat: Pizza             |     1 |     1 |       |     1 |     1 |       |     1 ||     5
       Chunk             |       |     5 |    13 |    19 |    36 |    23 |    25 ||   121
       Meat ration       |       |       |       |     1 |     3 |     4 |     4 ||    12
       Bread ration      |       |       |       |     1 |       |       |     1 ||     2
       Fruit             |       |       |       |     2 |     3 |     1 |       ||     6
       Beef jerky        |       |       |       |       |     1 |     1 |       ||     2

Vault maps used:
D:1:      saegor_arrival_under_anarchy, hangedman_feature_mirror,
          minmay_misc_feat_rugged, minivault_23
D:2:      first_bread
D:3:      nicolae_overflow_crystal_walls, lemuel_crystal_altar
D:4:      nicolae_overflow_hidden_temple, overflow_temple_1_default,
          bloody_trog, temple_fountains
D:5:      lemuel_crystal_altar, bloody_makhleb, serial_glass, glass_columns_c,
          glass_columns_a, serial_bayou_lagoon_a, uniq_duvessa, uniq_edmund
D:6:      hangedman_cross_stitches, elyvilon_altar_5, tgw_sif,
          gup_sewer_entry_spiral, minmay_fire_ice_demons
D:8:      zin_scriptorium, enter_bailey_2
D:9:      gammafunk_temple_overflow_claw, orc_0_dummy
D:10:     erik_lair_orcish_takeover, hangedman_ranch
D:12:     serial_shops, shop
D:13:     lemuel_ogre_cave, serial_ice, serial_ice_b, serial_ice_j,
          serial_ice_m, serial_ice_n, portal_ice_cave_entry_pillars_02,
          minmay_liquid_box, uniq_gastronok
D:14:     david_vaults_3, fedhas_altar_4, uniq_sonja, uniq_louise, uniq_kirke
D:15:     grunt_enter_depths_hoard
Lair:1:   beast_lair_carwin_large_2, serial_forest, infiniplex_forest_lined_2,
          infiniplex_forest_clump_tiny, infiniplex_forest_straight_5,
          infiniplex_forest_clump_medium, infiniplex_forest_end_2,
          infiniplex_forest_lined_4_way, infiniplex_forest_end_2
Lair:2:   st_stairs_11, minivault_11, eino_small_chamber_without_monster,
          roderic_batcave
Lair:3:   minmay_shoals_entry_beasts, pond
Lair:4:   elwin_shoals_entry_rooms, uniq_rupert
Lair:5:   dummy_snake_entry, uniq_erica
Lair:6:   wad_woods_minihive
Lair:7:   dpeg_slime_entry_corner
Lair:8:   wormcave, guppyfry_lair_end_dragon, lab_entry_generic,
          nicolae_quartered_pool_super, dpeg_oklob_1
Shoals:1: centaur_isle, uniq_urug
Shoals:2: serial_shops, shop, nicolae_shoals_siren_and_animal_friends
Shoals:3: hangedman_shoals_cup_caves
Shoals:5: shoals_end_hangedman, shoal_ilsuiw, baited_tele_trap
Snake:1:  uniq_frances
Snake:2:  uniq_donald, uniq_saint_roka
Snake:3:  serial_bayou_shore_b, grunt_megastairs_3, serial_bayou_shore_b
Snake:4:  st_stairs_13
Snake:5:  grunt_snake_rune_pools, uniq_norris
Orc:3:    serial_shops, shop, nicolae_orc_pool_cavern
Orc:4:    st_orc_congregation, serial_shops, nicolae_shop_stone
Depths:1: enter_ziggurat_c, rand_demon_pan_entry_9,
          kennysheep_decorative_pillar, hangedman_geh_valley, abyss_entry,
          lemuel_another_geyser, grunt_megastairs_4
Abyss:2:  minivault_24
Abyss:3:  grunt_abyss_rune_wretched_hive
Abyss:4:  hangedman_abyss_or_decor_clamps, eino_small_chamber_without_monster
Lab:      nicolae_lab_dead_adventurers
Bailey:   bailey_polearm_5, bailey
IceCv:    ice_cave_caverns_03

Notes
Turn   | Place    | Note
--------------------------------------------------------------
     0 | D:1      | ventricule, the Formicid Chaos Knight, began the quest for the Orb.
     0 | D:1      | Reached XP level 1. HP: 18/18 MP: 1/1
   238 | D:1      | Reached XP level 2. HP: 22/24 MP: 3/3
   547 | D:1      | Reached skill level 4 in Long Blades
   547 | D:1      | Reached XP level 3. HP: 29/29 MP: 4/4
   643 | D:1      | XOM: silly message
   646 | D:1      | XOM: silly message
  1068 | D:2      | XOM: noise
  1072 | D:2      | Reached XP level 4. HP: 32/35 MP: 5/5
  1073 | D:2      | XOM: cast spell 'Ice Form'
  1140 | D:2      | XOM: confuse monster(s)
  1365 | D:2      | Reached skill level 5 in Long Blades
  1500 | D:2      | XOM: silly message
  1549 | D:3      | XOM: silly message
  1617 | D:3      | XOM: divination: magic mapping
  1618 | D:3      | XOM: give mutations
  1618 | D:3      | Gained mutation: Your mind is acute. (Int +2) [Xom's grace]
  1618 | D:3      | Gained mutation: Your flesh is cold resistant. [Xom's grace]
  1618 | D:3      | Gained mutation: You are resistant to hostile enchantments. [Xom's grace]
  1858 | D:3      | Gained mutation: You evolve. [potion of mutation]
  1858 | D:3      | Gained mutation: You have sharp toenails. [potion of mutation]
  1858 | D:3      | Gained mutation: Armour fits poorly on your strangely shaped body. [potion of mutation]
  1877 | D:3      | XOM: mild Trmt miscast
  1893 | D:3      | XOM: vitrification
  2020 | D:3      | XOM: give mutations
  2020 | D:3      | Gained mutation: You have a beak for a mouth. [Xom's grace]
  2020 | D:3      | Gained mutation: You are agile. (Dex +2) [Xom's grace]
  2043 | D:3      | XOM: give mutations
  2043 | D:3      | Gained mutation: You are partially covered in rugged brown scales (AC +1, +3% HP). [Xom's grace]
  2043 | D:3      | Gained mutation: You are very agile. (Dex +4) [Xom's grace]
  2043 | D:3      | Gained mutation: You are partially covered in molten scales (AC +1). [Xom's grace]
  2043 | D:3      | Gained mutation: Your muscles are strong. (Str +2) [Xom's grace]
  2060 | D:3      | XOM: harmless Hex miscast
  2194 | D:3      | Found a shattered altar of Ashenzari.
  2252 | D:3      | Reached XP level 5. HP: 42/42 MP: 7/7
  2258 | D:3      | Found an ancient bone altar of Kikubaaqudgha.
  2374 | D:3      | XOM: divination: detect creatures
  2381 | D:3      | XOM: silly message
  2576 | D:4      | Found an iron altar of Okawaru.
  2605 | D:4      | Reached skill level 6 in Long Blades
  2623 | D:4      | Found a blossoming altar of Fedhas.
  2716 | D:4      | Found a staircase to the Ecumenical Temple.
  2726 | D:4      | Reached XP level 6. HP: 33/48 MP: 8/8
  3073 | D:4      | Found a bloodstained altar of Trog.
  3126 | D:5      | Entered Level 5 of the Dungeon
  3134 | D:5      | Noticed Duvessa
  3138 | D:5      | XOM: harmless Necr miscast
  3144 | D:5      | Killed Duvessa
  3144 | D:5      | Reached skill level 7 in Long Blades
  3150 | D:5      | Noticed Dowan
  3151 | D:5      | XOM: potion effect (agility)
  3158 | D:5      | Killed Dowan
  3322 | D:5      | Reached XP level 7. HP: 45/53 MP: 9/9
  3585 | D:5      | Noticed Edmund
  3586 | D:5      | Found a shimmering altar of Xom.
  3644 | D:5      | XOM: silly message
  3702 | D:5      | XOM: silly message
  3716 | D:5      | XOM: potion effect (might)
  3726 | D:5      | Killed Edmund
  3726 | D:5      | Reached skill level 8 in Long Blades
  3821 | D:5      | XOM: harmless Chrm miscast
  3952 | D:5      | Found a burning altar of Makhleb.
  3985 | D:5      | XOM: summons 1 hostile demon
  4050 | D:5      | Gained mutation: You are partially covered in slimy green scales (AC +2). [evolution]
  4302 | D:6      | Got a scorched hand axe
  4303 | D:6      | Identified the cursed +3 hand axe of Destiny {chop, rF+ rC- rN+ MP+9} (You found it on level 6 of the Dungeon)
  4360 | D:6      | XOM: chaos cloud
  4375 | D:6      | XOM: noise
  4527 | D:6      | Reached XP level 8. HP: 40/59 MP: 11/11
  4560 | D:6      | Noticed Jessica
  4567 | D:6      | Killed Jessica
  4593 | D:6      | Found a deep blue altar of Sif Muna.
  4659 | D:6      | XOM: harmless Chrm miscast
  4663 | D:6      | Reached skill level 9 in Long Blades
  4751 | D:6      | XOM: give mutations
  4751 | D:6      | Lost mutation: Your muscles are strong. (Str +2) [Xom's mischief]
  4751 | D:6      | Lost mutation: Armour fits poorly on your strangely shaped body. [Xom's mischief]
  4751 | D:6      | Lost mutation: You evolve. [Xom's mischief]
  4751 | D:6      | Lost mutation: Your flesh is cold resistant. [Xom's mischief]
  4962 | D:6      | XOM: medium Pois miscast
  4968 | D:5      | XOM: chaos cloud
  4970 | D:5      | XOM: harmless Divn miscast
  5012 | D:6      | Reached skill level 10 in Long Blades
  5021 | D:6      | Got a dazzling hand axe
  5022 | D:6      | Identified the +3 hand axe of the Extremes {elec, rElec rC+ MP+9 SInv Stlth-} (You found it on level 6 of the Dungeon)
  5185 | D:6      | Found a white marble altar of Elyvilon.
  5495 | D:7      | XOM: divination: detect items
  5701 | D:7      | Reached XP level 9. HP: 62/65 MP: 12/12
  5778 | D:7      | Reached skill level 11 in Long Blades
  5816 | D:7      | XOM: divination: detect items
  5869 | D:7      | XOM: harmless Hex miscast
  5871 | D:7      | XOM: silly message
  5883 | D:7      | XOM: cast spell 'Metabolic Englaciation'
  5885 | D:7      | XOM: confuse monster(s)
  5891 | D:7      | XOM: mild Erth miscast
  5997 | D:7      | XOM: colour smoke trail
  6117 | D:7      | XOM: enchant monster (good)
  6160 | D:7      | Noticed a troll
  6177 | D:7      | Noticed a queen bee
  6177 | D:7      | a troll changed into a queen bee
  6177 | D:7      | XOM: polymorph troll -> queen bee
  6180 | D:7      | You fall through a shaft!
  6465 | D:8      | Reached skill level 12 in Long Blades
  6572 | D:8      | Found a flagged portal.
  6595 | Bailey   | Entered a bailey
  6622 | Bailey   | HP: 7/97 [Xom's lightning strike (36)]
  6622 | Bailey   | XOM: divine lightning
  6934 | Bailey   | XOM: silly message
  7049 | Bailey   | XOM: harmless Summ miscast
  7198 | Bailey   | XOM: harmless Fire miscast
  7256 | Bailey   | XOM: colour smoke trail
  7291 | Bailey   | XOM: noise
  7320 | Bailey   | XOM: cast spell 'Olgreb's Toxic Radiance'
  7321 | Bailey   | Reached XP level 10. HP: 28/72 MP: 13/13
  7369 | Bailey   | Reached skill level 13 in Long Blades
  7451 | Bailey   | XOM: summons 1 hostile demon
  7630 | Bailey   | Noticed an orc knight
  7637 | Bailey   | XOM: swap monsters
  7778 | Bailey   | XOM: enchant monster (good)
  7809 | Bailey   | Noticed an orc knight
  7809 | Bailey   | Noticed an orc knight
  7817 | Bailey   | XOM: summons friendly crimson imp
  7831 | Bailey   | XOM: potion effect (curing)
  7875 | Bailey   | Noticed an orc knight
  7878 | Bailey   | Noticed an orc knight
  7882 | Bailey   | XOM: enchant monster (good)
  7892 | Bailey   | Killed an orc knight
  7981 | D:8      | XOM: enchant monster (good)
  8244 | D:8      | Found a glowing silver altar of Zin.
  8329 | D:8      | XOM: confuse monster(s)
  8571 | D:8      | XOM: potion effect (might)
  8691 | D:8      | XOM: potion effect (curing)
  8694 | D:8      | XOM: summons friendly white imp
  8698 | D:8      | XOM: swap monsters
  8931 | D:8      | XOM: god gift: dented garnet amulet {god gift}
  9004 | D:9      | XOM: harmless Summ miscast
  9015 | D:9      | XOM: polymorph scorpion -> ooze
  9017 | D:9      | Reached skill level 14 in Long Blades
  9057 | D:9      | XOM: harmless Tloc miscast
  9149 | D:9      | XOM: summons 2 hostile shadow creatures
  9190 | D:9      | XOM: enchant monster (good)
  9210 | D:9      | XOM: colour smoke trail
  9398 | D:9      | XOM: divination: detect creatures
  9521 | D:9      | XOM: confuse monster(s)
  9747 | D:9      | Reached skill level 3 in Armour
  9768 | D:9      | XOM: enchant monster (good)
  9786 | D:9      | XOM: confuse monster(s)
  9795 | D:9      | Reached skill level 4 in Armour
  9840 | D:9      | Found a radiant altar of Vehumet.
  9840 | D:9      | Found a sparkling altar of Nemelex Xobeh.
  9841 | D:9      | Found a sacrificial altar of Ru.
  9846 | D:9      | XOM: enchant monster (good)
  9875 | D:9      | XOM: god gift: crooked ivory wand {god gift}
  9990 | D:9      | XOM: cast spell 'Necromutation'
 10179 | D:9      | Found a staircase to the Orcish Mines.
 10262 | D:10     | Entered Level 10 of the Dungeon
 10272 | D:10     | Reached skill level 5 in Armour
 10296 | D:10     | XOM: chaos cloud
 10308 | D:10     | XOM: noise
 10317 | D:9      | Reached XP level 11. HP: 26/77 MP: 15/15
 10554 | D:9      | XOM: fake destruction
 10558 | D:9      | Reached skill level 6 in Armour
 10681 | D:10     | Noticed a hill giant
 10703 | D:10     | Killed a hill giant
 10703 | D:10     | Reached skill level 5 in Fighting
 10986 | D:10     | XOM: medium Erth miscast
 11009 | D:10     | Reached skill level 6 in Fighting
 11122 | D:10     | Found a staircase to the Lair.
 11124 | D:10     | XOM: noise
 11179 | D:10     | Noticed a hill giant
 11192 | D:10     | Noticed a three-headed hydra
 11199 | D:9      | XOM: swap monsters
 11205 | D:9      | Reached skill level 1 in Shields
 11253 | D:9      | XOM: smoke on damage
 11511 | D:9      | XOM: mild Chrm miscast
 11601 | D:10     | XOM: medium Air miscast
 11640 | D:10     | XOM: scenery: create altars
 11701 | D:10     | XOM: vitrification
 11886 | D:10     | Reached skill level 2 in Shields
 11896 | D:10     | XOM: summons friendly crimson imp
 11908 | D:10     | Reached skill level 7 in Fighting
 11915 | D:10     | XOM: silly message
 11925 | D:10     | XOM: enchant monster (bad)
 11935 | D:10     | Reached skill level 3 in Shields
 11949 | D:10     | XOM: polymorph crimson imp -> shadow imp
 11958 | D:10     | XOM: enchant monster (bad)
 11965 | D:10     | XOM: mild Air miscast
 11984 | D:10     | XOM: mild Tloc miscast
 11986 | D:10     | HP: 8/86 [spatial vortex[the capriciousness of Xom] (15)]
 12446 | D:10     | XOM: summons friendly ufetubus
 12452 | D:10     | Reached skill level 4 in Shields
 12496 | D:10     | XOM: confusion (+ monsters)
 12508 | D:10     | XOM: noise
 12557 | D:10     | Killed a hill giant
 12557 | D:10     | Reached skill level 8 in Fighting
 12662 | D:10     | Got a spiked cloak
 12668 | D:10     | Identified the cursed -2 cloak of the Trees {-Cast rElec rN+} (You found it on level 10 of the Dungeon)
 13417 | D:10     | Identified a wand of heal wounds (You took it off an orc on level 10 of the Dungeon)
 13479 | D:10     | XOM: harmless Erth miscast
 13491 | Lair:1   | Entered Level 1 of the Lair of Beasts
 13501 | Lair:1   | XOM: summons 4 hostile demons
 13515 | D:10     | Reached skill level 9 in Fighting
 13879 | D:10     | XOM: fog
 14014 | D:10     | XOM: summons 10 friendly demons
 14027 | D:10     | Killed a three-headed hydra
 14027 | D:10     | Reached XP level 12. HP: 90/99 MP: 16/16
 14162 | Lair:1   | Reached skill level 10 in Fighting
 14457 | Lair:1   | Reached skill level 1 in Dodging
 14548 | Lair:1   | XOM: torment (55/99 hp)
 14549 | Lair:1   | XOM: confuse monster(s)
 14575 | Lair:1   | XOM: summons friendly crimson imp
 14604 | Lair:1   | XOM: god gift: scroll labeled RUBOULEULI
 14616 | Lair:1   | Reached skill level 2 in Dodging
 14799 | Lair:1   | XOM: medium Trmt miscast
 15031 | Lair:1   | XOM: enchant monster (good)
 15050 | Lair:1   | XOM: potion effect (heal wounds)
 15059 | Lair:1   | XOM: cast spell 'Cause Fear'
 15071 | Lair:1   | Reached skill level 3 in Dodging
 15151 | Lair:1   | Reached skill level 4 in Dodging
 15327 | Lair:2   | Noticed an eight-headed hydra
 15366 | Lair:2   | XOM: silly message
 15436 | Lair:2   | XOM: confuse monster(s)
 15492 | Lair:2   | XOM: divination: detect creatures
 15499 | Lair:2   | XOM: chaos cloud
 15506 | Lair:2   | Reached skill level 5 in Dodging
 15639 | Lair:2   | XOM: summons friendly shadow imp
 15640 | Lair:2   | Noticed a seven-headed hydra
 15826 | Lair:2   | XOM: god gift: 23 stones
 15847 | Lair:2   | You fall through a shaft for 2 floors!
 15871 | Lair:4   | XOM: divination: detect items
 15878 | Lair:4   | Noticed raikaria's ghost (powerful DrAE)
 15941 | Lair:4   | Noticed a four-headed hydra
 15941 | Lair:4   | XOM: cast spell 'Olgreb's Toxic Radiance'
 15948 | Lair:4   | XOM: divination: detect creatures
 15949 | Lair:4   | XOM: enchant monster (good)
 15950 | Lair:4   | XOM: noise
 15950 | Lair:4   | Reached skill level 6 in Dodging
 15981 | Lair:5   | Noticed Erica
 15982 | Lair:5   | XOM: confusion
 15986 | Lair:5   | XOM: harmless Trmt miscast
 15988 | Lair:5   | XOM: confuse monster(s)
 16003 | Lair:5   | XOM: swap weapons
 16009 | Lair:5   | Killed Erica
 16057 | Lair:5   | XOM: blink monster(s)
 16100 | Lair:5   | XOM: polymorph yak -> troll
 16102 | Lair:5   | XOM: enchant monster (good)
 16114 | Lair:5   | Reached skill level 7 in Dodging
 16120 | Lair:5   | XOM: confusion (+ monsters)
 16151 | Lair:5   | XOM: harmless Air miscast
 16286 | Lair:5   | XOM: harmless Hex miscast
 16307 | Lair:5   | XOM: enchant monster (bad)
 16321 | Lair:5   | XOM: confusion
 16334 | Lair:5   | Reached skill level 8 in Dodging
 16406 | Lair:5   | XOM: summons 1 hostile demon
 16537 | Lair:5   | XOM: chaos cloud
 16544 | Lair:5   | Reached XP level 13. HP: 77/106 MP: 17/17
 16579 | Lair:5   | XOM: confusion
 16727 | Lair:5   | Reached skill level 9 in Dodging
 16769 | Lair:5   | XOM: mild Ice miscast
 16883 | Lair:5   | XOM: draining
 16885 | Lair:5   | Identified a potion of experience
 16886 | Lair:5   | Reached skill level 11 in Fighting
 16886 | Lair:5   | Reached skill level 10 in Dodging
 16886 | Lair:5   | Reached skill level 5 in Evocations
 16886 | Lair:5   | Reached XP level 14. HP: 112/116 MP: 25/25
 17006 | Lair:5   | XOM: chaos cloud
 17031 | Lair:5   | XOM: blink monster(s)
 17164 | Lair:5   | XOM: blink monster(s)
 17170 | Lair:5   | XOM: medium Summ miscast
 17177 | Lair:5   | XOM: polymorph elephant -> water nymph
 17189 | Lair:5   | Reached skill level 11 in Dodging
 17248 | Lair:5   | XOM: colour smoke trail
 17476 | Lair:5   | XOM: summons 1 hostile demon
 17543 | Lair:5   | Found a staircase to the Snake Pit.
 17544 | Lair:5   | XOM: give mutation
 17544 | Lair:5   | Gained mutation: Armour fits poorly on your strangely shaped body. [Xom's mischief]
 17551 | Lair:5   | XOM: noise
 17560 | Lair:5   | XOM: silly message
 17572 | Lair:5   | Reached skill level 6 in Evocations
 17620 | Lair:5   | XOM: confusion
 18014 | Lair:5   | XOM: medium Tloc miscast
 18131 | Lair:5   | XOM: fog
 18144 | Lair:5   | Reached skill level 7 in Evocations
 18194 | Lair:5   | XOM: fake destruction
 18253 | Lair:4   | XOM: cast spell 'Excruciating Wounds'
 18373 | Lair:4   | XOM: vitrification
 18380 | Lair:4   | XOM: fake destruction
 18384 | Lair:4   | XOM: destruction
 18707 | Lair:3   | Reached skill level 7 in Armour
 18732 | Lair:3   | Noticed raikaria's ghost (powerful DrWz)
 18745 | Lair:3   | XOM: noise
 18750 | Lair:3   | XOM: confuse monster(s)
 18791 | Lair:3   | Killed raikaria's ghost
 18791 | Lair:3   | Reached skill level 8 in Armour
 18796 | Lair:3   | Found a staircase to the Shoals.
 18827 | Lair:3   | XOM: enchant monster (good)
 18849 | Lair:3   | XOM: enchant monster (good)
 19071 | Lair:3   | XOM: confuse monster(s)
 19080 | Lair:3   | XOM: swap monsters
 19088 | Lair:3   | XOM: summons friendly ynoxinul
 19403 | Lair:2   | Killed a two-headed hydra
 19403 | Lair:2   | Reached skill level 9 in Armour
 19460 | Lair:2   | XOM: god gift: ring of stealth {god gift}
 19707 | Lair:2   | XOM: harmless Tloc miscast
 19718 | Lair:2   | XOM: summons 12 friendly demons
 19722 | Lair:2   | Killed a three-headed hydra
 19960 | Lair:3   | XOM: potion effect (might)
 20053 | Lair:3   | XOM: vitrification
 20062 | Lair:3   | Reached skill level 10 in Armour
 20073 | Lair:3   | XOM: give mutations
 20073 | Lair:3   | Gained mutation: You are somewhat resistant to further mutation. [Xom's grace]
 20073 | Lair:3   | Gained mutation: Your flesh is cold resistant. [Xom's grace]
 20283 | Lair:3   | XOM: summons 2 friendly demons
 20285 | Lair:3   | XOM: fake destruction
 20286 | Lair:3   | XOM: potion effect (brilliance)
 20528 | Lair:3   | XOM: medium Summ miscast
 20644 | Lair:3   | XOM: give mutations
 20644 | Lair:3   | Lost mutation: You are somewhat resistant to further mutation. [Xom's mischief]
 20644 | Lair:3   | Gained mutation: You have razor-sharp toenails. [Xom's mischief]
 20644 | Lair:3   | Lost mutation: You are partially covered in molten scales (AC +1). [Xom's mischief]
 20652 | Lair:3   | XOM: harmless Chrm miscast
 21221 | Lair:3   | XOM: mild Chrm miscast
 21327 | Lair:4   | Reached skill level 11 in Armour
 21453 | Lair:4   | XOM: blink monster(s)
 21465 | Lair:4   | XOM: god gift: shortbow {god gift}
 21528 | Lair:4   | XOM: give mutations
 21528 | Lair:4   | Gained mutation: Your system is resistant to poisons. [Xom's grace]
 21528 | Lair:4   | Gained mutation: Your spells are a little harder to cast, but a little more powerful. [Xom's grace]
 21528 | Lair:4   | Gained mutation: You are partially covered in thin metallic scales (AC +2). [Xom's grace]
 21528 | Lair:4   | Gained mutation: You have sharp fingernails. [Xom's grace]
 21676 | Lair:4   | Killed a one-headed hydra
 21676 | Lair:4   | Reached XP level 15. HP: 106/122 MP: 27/27
 21788 | Lair:4   | Noticed Rupert
 21803 | Lair:4   | You fall through a shaft for 3 floors!
 22028 | Lair:7   | XOM: vitrification
 22032 | Lair:7   | XOM: swap monsters
 22048 | Lair:7   | XOM: blink monster(s)
 22210 | Lair:7   | Found a staircase to the Slime Pits.
 22336 | Lair:7   | XOM: cast spell 'Statue Form'
 22426 | Lair:7   | XOM: vitrification
 22532 | Lair:7   | XOM: god gift: fan of gales
 22778 | Lair:7   | XOM: confusion
 22789 | Lair:7   | Reached skill level 12 in Fighting
 23356 | Lair:6   | XOM: give mutation
 23356 | Lair:6   | Lost mutation: Your spells are a little harder to cast, but a little more powerful. [Xom's mischief]
 24438 | Lair:6   | XOM: god gift: troll hide
 24643 | Lair:5   | XOM: colour smoke trail
 24686 | Lair:4   | Found a staircase to the Shoals.
 24696 | Lair:4   | XOM: enchant monster (good)
 24824 | Lair:4   | XOM: chaos cloud
 24826 | Lair:4   | XOM: harmless Trmt miscast
 24842 | Lair:4   | Killed raikaria's ghost
 24896 | Lair:4   | XOM: medium Hex miscast
 25290 | Lair:8   | Entered Level 8 of the Lair of Beasts
 25293 | Lair:8   | XOM: draining
 25354 | Lair:8   | Found a labyrinth entrance.
 25365 | Lab      | Entered a labyrinth
 26007 | Lab      | XOM: give mutations
 26007 | Lab      | Lost mutation: Your flesh is cold resistant. [Xom's mischief]
 26007 | Lab      | Lost mutation: You are partially covered in thin metallic scales (AC +2). [Xom's mischief]
 26007 | Lab      | Lost mutation: You are partially covered in rugged brown scales (AC +1, +3% HP). [Xom's mischief]
 26063 | Lab      | XOM: medium Divn miscast
 26130 | Lab      | XOM: summons 1 hostile demon
 26369 | Lab      | XOM: draining
 26431 | Lab      | XOM: divine lightning
 26434 | Lab      | Reached skill level 13 in Fighting
 26472 | Lab      | Identified the Catalogue of Boosting Dislocation
 26482 | Lab      | Identified the Reference Book on Dusty Necromancy (You found it in a labyrinth)
 26865 | Lair:8   | XOM: destruction
 26964 | Lair:8   | XOM: enchant monster (good)
 27053 | Lair:8   | XOM: fog
 27288 | Lair:8   | XOM: divination: magic mapping
 27609 | Lair:8   | XOM: god gift: 43 gold pieces
 27710 | Lair:8   | XOM: vitrification
 27722 | Lair:8   | XOM: enchant monster (good)
 27941 | Lair:8   | XOM: divine lightning (protected)
 27962 | Lair:8   | XOM: divine lightning (protected)
 27975 | Lair:8   | XOM: give mutations
 27975 | Lair:8   | Gained mutation: You have very sharp fingernails. [Xom's grace]
 27975 | Lair:8   | Gained mutation: You are partially covered in yellow scales (AC +2). [Xom's grace]
 27975 | Lair:8   | Gained mutation: Your muscles are strong. (Str +2) [Xom's grace]
 27986 | Lair:8   | XOM: god gift: glowing falchion {god gift}
 28279 | Lair:8   | XOM: fake destruction
 28491 | Lair:8   | Reached skill level 14 in Fighting
 28572 | Lair:8   | XOM: give mutations
 28572 | Lair:8   | Gained mutation: Your mind is very acute. (Int +4) [Xom's grace]
 28572 | Lair:8   | Gained mutation: You possess an exceptional clarity of mind. [Xom's grace]
 28572 | Lair:8   | Gained mutation: You passively map a small area around you. [Xom's grace]
 28736 | Lair:8   | XOM: cast spell 'Summon Dragon'
 28755 | Lair:8   | Reached skill level 8 in Evocations
 28802 | Lair:8   | Got a spiked plate armour
 28813 | Lair:8   | Identified the +3 plate armour "Shasuola" {MR+ rCorr} (You found it on level 8 of the Lair of Beasts)
 28967 | Lair:8   | XOM: give mutations
 28967 | Lair:8   | Gained mutation: Your spells are a little harder to cast, but a little more powerful. [Xom's grace]
 28967 | Lair:8   | Gained mutation: You are partially covered in rugged brown scales (AC +1, +3% HP). [Xom's grace]
 29051 | Lair:8   | XOM: god gift: falchion {god gift}
 29226 | Lair:8   | XOM: summons friendly ufetubus
 29227 | Lair:8   | Found a runed door.
 29636 | Orc:1    | Entered Level 1 of the Orcish Mines
 29759 | Orc:1    | XOM: god gift: 4 needles of paralysis
 29785 | Orc:1    | XOM: god gift: curved ivory wand {god gift}
 29811 | Orc:1    | XOM: give mutations
 29811 | Orc:1    | Gained mutation: Your muscles are very strong. (Str +4) [Xom's grace]
 29811 | Orc:1    | Gained mutation: You have claws for feet. [Xom's grace]
 29811 | Orc:1    | Gained mutation: You are robust (+10% HP). [Xom's grace]
 29933 | Orc:1    | XOM: vitrification
 29960 | Orc:1    | XOM: polymorph orc warrior -> steam dragon
 29975 | Orc:1    | XOM: mild Ice miscast
 30013 | Orc:1    | XOM: noise
 30036 | Orc:1    | XOM: enchant monster (bad)
 30239 | Orc:1    | XOM: give mutation
 30239 | Orc:1    | Lost mutation: You are robust (+10% HP). [Xom's mischief]
 30331 | Orc:1    | XOM: summons 2 hostile demons
 30671 | Orc:2    | XOM: chaos cloud
 31240 | Orc:3    | Found Deeras' Assorted Antiques.
 31267 | Orc:3    | Found a staircase to the Elven Halls.
 31285 | Orc:3    | Noticed an orc warlord
 31294 | Orc:3    | XOM: mild Conj miscast
 31301 | Orc:2    | XOM: polymorph orc warrior -> warg
 31447 | Orc:3    | XOM: swap weapons
 31460 | Orc:3    | Reached skill level 12 in Armour
 31476 | Orc:3    | XOM: give mutations
 31476 | Orc:3    | Lost mutation: You are partially covered in slimy green scales (AC +2). [Xom's mischief]
 31476 | Orc:3    | Lost mutation: You passively map a small area around you. [Xom's mischief]
 31490 | Orc:3    | Killed an orc warlord
 31933 | Orc:3    | XOM: severe Chrm miscast
 31969 | Orc:3    | Lost mutation: Your spells are a little harder to cast, but a little more powerful. [mutagenic glow]
 32000 | Orc:3    | Gained mutation: [Your body is slowly deteriorating.] [mutagenic glow]
 32151 | Orc:4    | Entered Level 4 of the Orcish Mines
 32211 | Orc:4    | XOM: swap weapons
 32270 | Orc:4    | Noticed an orc warlord
 32270 | Orc:4    | XOM: polymorph orc warrior -> steam dragon
 32310 | Orc:4    | Killed an orc warlord
 32591 | Orc:4    | XOM: divination: detect creatures
 32596 | Orc:4    | XOM: polymorph orc -> bat
 32627 | Orc:4    | Found Tharerek's Assorted Antiques.
 32636 | Orc:4    | Bought a scroll labeled PUUJAEDODE for 30 gold pieces
 32809 | Orc:4    | Reached XP level 16. HP: 127/136 MP: 29/29
 32821 | Orc:4    | Noticed an orc warlord
 32825 | Orc:4    | XOM: summons friendly rust devil
 32829 | Orc:4    | Reached skill level 13 in Armour
 32841 | Orc:4    | XOM: swap monsters
 32858 | Orc:4    | XOM: fog
 32871 | Orc:4    | Killed an orc warlord
 33215 | Orc:4    | XOM: swap monsters
 33430 | Orc:4    | XOM: give mutations
 33430 | Orc:4    | Gained mutation: You evolve. [Xom's grace]
 33430 | Orc:4    | Gained mutation: You are covered in fur (AC +1). [Xom's grace]
 33430 | Orc:4    | Gained mutation: You are highly resistant to hostile enchantments. [Xom's grace]
 33430 | Orc:4    | Gained mutation: You are partially covered in rough black scales (AC +4, Dex -1). [Xom's grace]
 33471 | Orc:4    | XOM: summons 16 friendly demons
 33670 | Orc:4    | Found Hovoasam's Antique Armour Shoppe.
 33676 | Orc:4    | Found Tec Opnu's Antique Weapon Shoppe.
 33677 | Orc:4    | Found Pale's General Store.
 33677 | Orc:4    | Found Kley's Book Emporium.
 33694 | Orc:4    | Bought a fine ice dragon armour for 1300 gold pieces
 33704 | Orc:4    | Identified the +0 ice dragon armour of Oblivion {rPois rF- rC++ MR+ Str+3 SInv} (You bought it in a shop on level 4 of the Orcish Mines)
 33717 | Orc:4    | Bought a warped scale mail for 180 gold pieces
 33727 | Orc:4    | Identified the +3 scale mail "Frebibev" {rElec Str-5 Int+4} (You bought it in a shop on level 4 of the Orcish Mines)
 33751 | Orc:4    | XOM: summons 3 friendly demons
 33951 | Orc:4    | XOM: vitrification
 34166 | Orc:4    | XOM: give mutations
 34166 | Orc:4    | Gained mutation: You passively map a small area around you. [Xom's grace]
 34166 | Orc:4    | Gained mutation: You can spit poison. [Xom's grace]
 34467 | D:8      | Lost mutation: [Your body is slowly deteriorating.] [potion of mutation]
 34588 | D:11     | XOM: god gift: scroll of noise
 34611 | D:11     | Reached skill level 14 in Armour
 34731 | D:11     | Identified a wand of teleportation
 34802 | D:11     | Identified a wand of hasting
 34845 | D:11     | XOM: mild Necr miscast
 34939 | D:11     | Lost mutation: Your mind is very acute. (Int +4) [evolution]
 34939 | D:11     | Lost mutation: You evolve. [end of evolution]
 34963 | D:12     | XOM: scenery: create altars
 35077 | D:12     | XOM: colour smoke trail
 35205 | D:12     | XOM is BORED!
 35205 | D:12     | XOM: medium Conj miscast
 35243 | D:12     | Found Muahalupt's Assorted Antiques.
 35254 | D:12     | Bought a glass ring for 155 gold pieces
 35549 | D:13     | XOM: destruction
 35550 | D:13     | XOM: potion effect (invisibility)
 35589 | D:13     | XOM: summons friendly ufetubus
 35654 | D:13     | Noticed Gastronok
 35661 | D:13     | XOM: divination: detect creatures
 35671 | D:13     | Killed Gastronok
 35706 | D:13     | Found a frozen archway.
 35712 | IceCv    | Entered an ice cave
 35844 | IceCv    | XOM: cast spell 'Summon Swarm'
 35854 | IceCv    | Reached skill level 15 in Armour
 35857 | IceCv    | XOM: summons friendly shadow imp
 36031 | IceCv    | XOM: god gift: 17 exploding sling bullets
 36052 | IceCv    | Identified a potion of resistance
 36053 | IceCv    | Lost mutation: You possess an exceptional clarity of mind. [potion of cure mutation]
 36053 | IceCv    | Lost mutation: You have claws for feet. [potion of cure mutation]
 36053 | IceCv    | Lost mutation: You have very sharp fingernails. [potion of cure mutation]
 36053 | IceCv    | Lost mutation: Your system is resistant to poisons. [potion of cure mutation]
 36053 | IceCv    | Lost mutation: You are partially covered in yellow scales (AC +2). [potion of cure mutation]
 36128 | IceCv    | XOM: cast spell 'Olgreb's Toxic Radiance'
 36136 | IceCv    | Noticed Trafet's ghost (powerful DgWz)
 36195 | IceCv    | Killed Trafet's ghost
 36226 | IceCv    | XOM: enchant monster (good)
 36236 | IceCv    | XOM: potion effect (might)
 36238 | IceCv    | XOM: noise
 36240 | IceCv    | XOM: cast spell 'Hydra Form'
 36245 | IceCv    | XOM: summons 2 friendly demons
 36320 | IceCv    | XOM: harmless Trmt miscast
 36587 | D:13     | Reached skill level 15 in Fighting
 36887 | D:13     | XOM: noise
 36927 | D:13     | XOM: polymorph ogre -> queen bee
 36938 | D:13     | XOM: mild Conj miscast
 37007 | D:13     | XOM: colour smoke trail
 37017 | D:13     | XOM: mild Air miscast
 37019 | D:13     | XOM: enchant monster (bad)
 37069 | D:13     | XOM: harmless Hex miscast
 37134 | D:13     | XOM: give mutations
 37134 | D:13     | Lost mutation: Armour fits poorly on your strangely shaped body. [Xom's mischief]
 37134 | D:13     | Lost mutation: You passively map a small area around you. [Xom's mischief]
 37134 | D:13     | Lost mutation: Your muscles are very strong. (Str +4) [Xom's mischief]
 37659 | D:14     | Found a gate to the Vaults.
 37659 | D:14     | Noticed Donald
 37663 | D:14     | XOM: confuse monster(s)
 37667 | D:14     | Killed Donald
 37667 | D:14     | Reached skill level 16 in Fighting
 37667 | D:14     | Reached XP level 17. HP: 93/148 MP: 17/30
 37731 | D:14     | Noticed Kirke
 37779 | D:13     | XOM: silly message
 37955 | D:14     | XOM: confusion
 37957 | D:14     | XOM: polymorph ogre -> giant frog
 37964 | D:14     | Noticed Sonja
 37968 | D:14     | Reached skill level 5 in Shields
 37971 | D:14     | XOM: swap weapons
 37976 | D:14     | Noticed Sonja
 37976 | D:14     | Sonja changed into Sonja the mottled dragon
 37978 | D:14     | Killed Sonja the mottled dragon
 38002 | D:14     | XOM: polymorph sky beast -> human
 38103 | D:14     | Noticed Louise
 38104 | D:14     | XOM: noise
 38109 | D:14     | XOM: summons 2 hostile demons
 38110 | D:14     | XOM: swap weapons
 38120 | D:14     | XOM: confusion
 38122 | D:14     | XOM: swap weapons
 38135 | D:14     | Killed Louise
 38135 | D:14     | Reached skill level 6 in Shields
 38194 | D:14     | XOM: harmless Pois miscast
 38333 | D:14     | XOM: divination: magic mapping
 38346 | D:14     | Killed Kirke
 38362 | D:14     | XOM: mild Ice miscast
 38377 | D:14     | Found a blossoming altar of Fedhas.
 38418 | D:14     | XOM: potion effect (might)
 38423 | D:14     | Reached skill level 7 in Shields
 38531 | D:15     | Entered Level 15 of the Dungeon
 38642 | D:15     | XOM: mild Summ miscast
 38652 | D:15     | XOM: silly message
 38727 | D:15     | Reached skill level 8 in Shields
 38900 | D:15     | XOM: potion effect (brilliance)
 38903 | D:15     | XOM: harmless Tloc miscast
 39056 | D:15     | XOM: colour smoke trail
 39157 | D:15     | XOM: harmless Hex miscast
 39172 | D:15     | Reached skill level 9 in Shields
 39365 | D:15     | XOM: divination: detect creatures
 39555 | D:15     | Found a staircase to the Depths.
 39712 | D:15     | XOM: noise
 39960 | Snake:1  | Entered Level 1 of the Snake Pit
 40040 | Snake:1  | Reached skill level 10 in Shields
 40067 | Snake:1  | Noticed Frances
 40088 | Snake:1  | Killed Frances
 40125 | Snake:1  | XOM: divination: magic mapping
 40222 | Snake:1  | Reached skill level 9 in Evocations
 40283 | Snake:1  | XOM: harmless Pois miscast
 40687 | Snake:1  | XOM: chaos upgrade
 40688 | Snake:1  | XOM: harmless Fire miscast
 40699 | Snake:1  | Reached skill level 10 in Evocations
 41065 | Snake:2  | XOM: polymorph naga -> raven
 41141 | Snake:2  | XOM: severe Trmt miscast
 41141 | Snake:2  | Lost mutation: Your mind is acute. (Int +2) [the severe capriciousness of Xom]
 41175 | Snake:2  | XOM: polymorph naga mage -> hornet
 41209 | Snake:2  | Noticed Saint Roka
 41280 | Snake:2  | XOM: silly message
 41289 | Snake:2  | XOM: swap weapons
 41294 | Snake:2  | XOM: blink monster(s)
 41297 | Snake:2  | XOM: enchant monster (bad)
 41318 | Snake:2  | Killed Saint Roka
 41318 | Snake:2  | Reached skill level 11 in Evocations
 41324 | Snake:2  | XOM: medium Trmt miscast
 41343 | Snake:2  | XOM: severe Conj miscast
 41529 | Snake:2  | XOM: colour smoke trail
 41589 | Snake:2  | XOM: chaos upgrade
 41800 | Snake:2  | XOM: mild Fire miscast
 41823 | Snake:2  | XOM: noise
 41829 | Snake:2  | Reached skill level 12 in Evocations
 41915 | Snake:2  | XOM: stat loss: -1 Str (19/20)
 41918 | Snake:2  | Got a shimmering pewter ring
 41920 | Snake:2  | Identified the ring "Skagyri" {Ice rPois} (You found it on level 2 of the Snake Pit)
 41939 | Snake:2  | XOM: god gift: scroll of summoning
 42058 | Snake:2  | XOM: enchant monster (good)
 42060 | Snake:2  | Reached XP level 18. HP: 154/156 MP: 33/33
 42083 | Snake:2  | XOM: god gift: potion of haste
 42136 | Snake:3  | XOM: stealth player
 42592 | Snake:3  | XOM: enchant monster (bad)
 42604 | Snake:3  | Identified a scroll of acquirement
 42875 | Snake:3  | XOM: snakes to sticks
 42888 | Snake:3  | Reached skill level 17 in Fighting
 42904 | Snake:3  | XOM: cast spell 'Spider Form'
 43073 | Snake:4  | XOM: polymorph anaconda -> slime creature
 43079 | Snake:4  | XOM: cast spell 'Confusing Touch'
 43233 | Snake:4  | XOM: harmless Pois miscast
 43239 | Snake:4  | XOM: harmless Chrm miscast
 43502 | Snake:4  | XOM: noise
 43620 | Snake:4  | XOM: enchant monster (bad)
 43628 | Snake:4  | XOM: confuse monster(s)
 43631 | Snake:4  | XOM: silly message
 43674 | Snake:4  | XOM: enchant monster (good)
 43708 | Snake:4  | XOM: harmless Summ miscast
 43727 | Snake:4  | XOM: swap weapons
 43734 | Snake:4  | XOM: enchant monster (bad)
 43743 | Snake:4  | XOM: potion effect (brilliance)
 43973 | Snake:5  | XOM: noise
 43973 | Snake:5  | Entered Level 5 of the Snake Pit
 43973 | Snake:5  | Noticed Norris
 43975 | Snake:4  | XOM: enchant monster (bad)
 43993 | Snake:4  | Killed Norris
 43993 | Snake:4  | Reached skill level 12 in Dodging
 44225 | Snake:4  | XOM: summons friendly iron imp
 44359 | Snake:5  | XOM: enchant monster (bad)
 44367 | Snake:5  | XOM: harmless Pois miscast
 44383 | Snake:5  | XOM: divination: detect items
 44392 | Snake:5  | XOM: harmless Air miscast
 44411 | Snake:5  | XOM: swap weapons
 44591 | Snake:4  | XOM: confusion (+ monsters)
 44597 | Snake:4  | XOM: fake destruction
 44669 | Snake:4  | XOM: enchant monster (bad)
 44674 | Snake:4  | XOM: chaos cloud
 44811 | Snake:5  | XOM: potion effect (agility)
 44815 | Snake:5  | Reached skill level 13 in Dodging
 44820 | Snake:5  | XOM: potion effect (heal wounds)
 44957 | Snake:5  | XOM: fog
 44958 | Snake:5  | XOM: summons 2 friendly demons
 44964 | Snake:5  | XOM: summons 16 friendly demons
 45472 | Snake:5  | XOM: god gift: 51 gold pieces
 45582 | Snake:5  | XOM: fake destruction
 45584 | Snake:5  | XOM: divination: detect creatures
 45588 | Snake:5  | Reached XP level 19. HP: 127/165 MP: 34/34
 45590 | Snake:5  | XOM: polymorph naga ritualist -> elf
 45686 | Snake:5  | XOM: confuse monster(s)
 45743 | Snake:5  | XOM: divination: detect items
 45783 | Snake:5  | XOM: confusion (+ monsters)
 45868 | Snake:5  | XOM: swap monsters
 45877 | Snake:5  | XOM: colour smoke trail
 45886 | Snake:5  | XOM: stat loss: -1 Dex (18/19)
 45897 | Snake:5  | XOM: mild Tloc miscast
 45906 | Snake:5  | Reached skill level 14 in Dodging
 46438 | Snake:5  | XOM: mild Air miscast
 46441 | Snake:5  | XOM: chaos cloud
 46476 | Snake:5  | XOM: swap monsters
 46479 | Snake:5  | XOM: harmless Tloc miscast
 46703 | Snake:5  | XOM: summons 3 friendly demons
 46763 | Snake:5  | XOM: noise
 46802 | Snake:5  | XOM: mild Hex miscast
 46873 | Snake:5  | XOM: polymorph naga mage -> two-headed ogre
 46892 | Snake:5  | XOM: god gift: 2 scrolls of fog
 46926 | Snake:5  | XOM: god gift: thick smoking staff {god gift}
 47112 | Snake:5  | XOM: god gift: 16 arrows of dispersal
 47118 | Snake:5  | XOM: summons friendly iron imp
 47125 | Snake:5  | XOM: silly message
 47135 | Snake:5  | XOM: potion effect (brilliance)
 47169 | Snake:5  | XOM: medium Air miscast
 47174 | Snake:5  | XOM: mild Hex miscast
 47191 | Snake:5  | XOM: medium Pois miscast
 47198 | Snake:5  | XOM: enchant monster (bad)
 47214 | Snake:4  | XOM: confusion (+ monsters)
 47723 | Snake:5  | XOM: summons 6 friendly demons
 47734 | Snake:5  | XOM: polymorph quasit -> iron imp
 47758 | Snake:5  | XOM: polymorph naga -> boggart
 47772 | Snake:5  | Reached skill level 15 in Dodging
 47882 | Snake:5  | Got a serpentine rune of Zot
 47910 | Snake:5  | XOM: medium Trmt miscast
 47925 | Snake:5  | Gained mutation: [You occasionally shout uncontrollably at your foes.] [mutagenic glow]
 47940 | Snake:5  | XOM: polymorph greater naga -> iron troll
 47966 | Snake:5  | Gained mutation: [Your body is slowly deteriorating.] [mutagenic glow]
 48015 | Snake:5  | XOM: silly message
 48350 | Snake:1  | XOM: give mutations
 48350 | Snake:1  | Lost mutation: [You occasionally shout uncontrollably at your foes.] [Xom's mischief]
 48350 | Snake:1  | Lost mutation: [Your body is slowly deteriorating.] [Xom's mischief]
 48694 | Shoals:1 | Entered Level 1 of the Shoals
 48694 | Shoals:1 | XOM: confusion
 48713 | Shoals:1 | XOM: give mutation
 48713 | Shoals:1 | Lost mutation: You can spit poison. [Xom's mischief]
 48716 | Shoals:1 | XOM: cast spell 'Spider Form'
 48955 | Shoals:1 | XOM: divination: detect creatures
 49300 | Shoals:1 | XOM: noise
 49307 | Shoals:1 | XOM: polymorph merfolk -> torpor snail
 49318 | Shoals:1 | Noticed Urug
 49328 | Shoals:1 | XOM: harmless Divn miscast
 49337 | Shoals:1 | XOM: silly message
 49341 | Shoals:1 | Killed Urug
 49357 | Shoals:1 | XOM: scenery: create altars
 49399 | Shoals:1 | XOM: confusion
 49418 | Shoals:1 | XOM: polymorph merfolk avatar -> ettin
 49693 | Shoals:2 | XOM: confusion
 49694 | Shoals:2 | XOM: swap weapons
 49709 | Shoals:2 | XOM: enchant monster (bad)
 49779 | Shoals:2 | Found Shrogisk's Assorted Antiques.
 49816 | Shoals:2 | XOM: polymorph griffon -> six-headed hydra
 49885 | Shoals:2 | XOM is BORED!
 49885 | Shoals:2 | XOM: noise
 49909 | Shoals:2 | XOM: mild Chrm miscast
 49943 | Shoals:2 | XOM: divine lightning (protected)
 49981 | Shoals:2 | XOM: confuse monster(s)
 49993 | Shoals:2 | Reached skill level 16 in Dodging
 50114 | Shoals:2 | XOM: potion effect (invisibility)
 50210 | Shoals:2 | XOM: give mutations
 50210 | Shoals:2 | Gained mutation: Your mind is acute. (Int +2) [Xom's grace]
 50210 | Shoals:2 | Gained mutation: Your muscles are very strong. (Str +4) [Xom's grace]
 50210 | Shoals:2 | Gained mutation: Your flesh is heat resistant. [Xom's grace]
 50210 | Shoals:2 | Gained mutation: You have claws for feet. [Xom's grace]
 50241 | Shoals:2 | XOM: divination: magic mapping
 50242 | Shoals:2 | XOM: give mutations
 50242 | Shoals:2 | Gained mutation: You possess an exceptional clarity of mind. [Xom's grace]
 50242 | Shoals:2 | Gained mutation: Your skin changes colour to match your surroundings (Stealth). [Xom's grace]
 50455 | Shoals:2 | XOM: god gift: potion of curing
 50489 | Shoals:2 | XOM: summons 3 friendly demons
 51052 | Shoals:3 | XOM: mild Necr miscast
 51118 | Shoals:3 | XOM: mild Erth miscast
 51122 | Shoals:3 | XOM: summons 3 friendly demons
 51140 | Shoals:3 | XOM: enchant monster (good)
 51177 | Shoals:3 | XOM: potion effect (heal wounds)
 51209 | Shoals:3 | XOM: cast spell 'Flight'
 51290 | Shoals:3 | XOM: divination: detect items
 51324 | Shoals:3 | Reached XP level 20. HP: 173/173 MP: 35/35
 51419 | Shoals:3 | XOM: vitrification
 51421 | Shoals:3 | XOM: god gift: 3 fruits
 51428 | Shoals:3 | XOM: divination: magic mapping
 51510 | Shoals:3 | XOM: god gift: knobbly jewelled rod {god gift}
 51521 | Shoals:3 | Identified a +3 rod of the swarm (10/10) {!a} (Xom gifted it to you on level 3 of the Shoals)
 51937 | Shoals:3 | XOM: enchant monster (good)
 51988 | Shoals:3 | XOM: vitrification
 51991 | Shoals:3 | XOM: silly message
 52079 | Shoals:3 | Reached skill level 17 in Dodging
 52202 | Shoals:3 | XOM: confuse monster(s)
 52374 | Shoals:3 | XOM: summons friendly ufetubus
 52383 | Shoals:3 | XOM: divination: detect creatures
 52680 | Shoals:3 | XOM: give mutations
 52680 | Shoals:3 | Lost mutation: You are partially covered in rugged brown scales (AC +1, +3% HP). [Xom's mischief]
 52680 | Shoals:3 | Lost mutation: You possess an exceptional clarity of mind. [Xom's mischief]
 52680 | Shoals:3 | Lost mutation: Your muscles are very strong. (Str +4) [Xom's mischief]
 52680 | Shoals:3 | Lost mutation: You are very agile. (Dex +4) [Xom's mischief]
 52716 | Shoals:3 | XOM: give mutations
 52716 | Shoals:3 | Gained mutation: You are surrounded by a mild repulsion field (EV +2). [Xom's grace]
 52716 | Shoals:3 | Gained mutation: Your muscles are very strong. (Str +4) [Xom's grace]
 52716 | Shoals:3 | Gained mutation: Your spells are a little harder to cast, but a little more powerful. [Xom's grace]
 53105 | Shoals:4 | XOM: draining
 53156 | Shoals:4 | XOM: colour smoke trail
 53201 | Shoals:4 | XOM is BORED!
 53201 | Shoals:4 | XOM: medium Pois miscast
 53322 | Shoals:4 | XOM: chaos upgrade
 53564 | Shoals:4 | XOM: confusion
 53566 | Shoals:4 | XOM: medium Hex miscast
 53647 | Shoals:5 | Entered Level 5 of the Shoals
 53926 | Shoals:5 | XOM: mild Fire miscast
 53959 | Shoals:5 | XOM: harmless Erth miscast
 53990 | Shoals:5 | Reached skill level 16 in Armour
 54067 | Shoals:5 | XOM: confusion
 54101 | Shoals:5 | Got an ancient scimitar
 54102 | Shoals:5 | Identified the +3 scimitar of Dominance {vamp, rC+ rN+ Dex-5 SInv} (You took it off a merfolk on level 5 of the Shoals)
 54273 | Shoals:5 | XOM: enchant monster (good)
 54284 | Shoals:5 | XOM: summons 5 hostile shadow creatures
 54389 | Shoals:4 | XOM: summons 6 hostile demons
 54442 | Shoals:4 | XOM: mild Air miscast
 54561 | Shoals:5 | XOM: give mutations
 54561 | Shoals:5 | Lost mutation: Your muscles are very strong. (Str +4) [Xom's mischief]
 54561 | Shoals:5 | Lost mutation: Your muscles are strong. (Str +2) [Xom's mischief]
 54561 | Shoals:5 | Lost mutation: You are agile. (Dex +2) [Xom's mischief]
 54561 | Shoals:5 | Lost mutation: You have claws for feet. [Xom's mischief]
 54568 | Shoals:5 | XOM: repel stairs
 54975 | Shoals:5 | Noticed Ilsuiw
 55000 | Shoals:5 | XOM: confuse monster(s)
 55035 | Shoals:5 | Killed Ilsuiw
 55046 | Shoals:5 | XOM: summons 9 hostile demons
 55048 | Shoals:5 | XOM: noise
 55060 | Shoals:5 | XOM: enchant monster (bad)
 55345 | Shoals:5 | XOM: repel stairs
 55346 | Shoals:5 | XOM: confusion (+ monsters)
 55368 | Shoals:5 | XOM: chaos upgrade
 55556 | Shoals:5 | XOM: noise
 55721 | Shoals:5 | Reached skill level 17 in Armour
 55745 | Shoals:5 | XOM: enchant monster (bad)
 55764 | Shoals:5 | XOM: summons friendly ufetubus
 55912 | Shoals:5 | XOM: silly message
 56185 | Shoals:5 | Got a barnacled rune of Zot
 56220 | Shoals:5 | XOM: confuse monster(s)
 56395 | Shoals:4 | XOM: polymorph snapping turtle -> swamp dragon
 56873 | Depths:1 | Entered Level 1 of the Depths
 56890 | Depths:1 | XOM: summons 2 friendly demons
 56895 | Depths:1 | XOM: destruction
 56918 | Depths:1 | XOM: enchant monster (good)
 57141 | Depths:1 | XOM: fog
 57153 | Depths:1 | Reached XP level 21. HP: 168/174 MP: 34/35
 57228 | Depths:1 | Reached skill level 18 in Armour
 57358 | Depths:1 | Found a one-way gate to the infinite horrors of the Abyss.
 57366 | Depths:1 | XOM: vitrification
 57375 | Depths:1 | Voluntarily entered the Abyss.
 57396 | Abyss:2  | Found a corrupted altar of Lugonu.
 57417 | Abyss:2  | XOM: give mutations
 57417 | Abyss:2  | Gained mutation: You are agile. (Dex +2) [Xom's grace]
 57417 | Abyss:2  | Gained mutation: You have claws for feet. [Xom's grace]
 57417 | Abyss:2  | Gained mutation: You can spit poison. [Xom's grace]
 57471 | Abyss:3  | Found a corrupted altar of Lugonu.
 57475 | Abyss:3  | XOM: fake destruction
 57525 | Abyss:3  | XOM: noise
 57547 | Abyss:3  | XOM: chaos cloud
 57636 | Abyss:3  | XOM: blink monster(s)
 57643 | Abyss:3  | XOM: summons 4 friendly demons
 57668 | Abyss:4  | Found a corrupted altar of Lugonu.
 57781 | Abyss:4  | Got a faintly humming ring mail
 57788 | Abyss:4  | XOM: confuse monster(s)
 57805 | Abyss:4  | XOM: confuse monster(s)
 57875 | Abyss:4  | HP: 11/139 [hell hound (3)]
 57893 | Abyss:4  | Found a corrupted altar of Lugonu.
 57899 | Abyss:4  | HP: 2/139 [grey draconian/halberd (9)]
 57900 | Abyss:4  | Noticed a profane servitor
 57900 | Abyss:4  | Slain by a grey draconian

Vanquished Creatures
  Norris (Snake:4)
  Saint Roka (Snake:2)
  A tentacled starspawn (Abyss:3)
  2 krakens (Shoals:3)
  Kirke (D:14)
  Frances (Snake:1)
  Ilsuiw (Shoals:5)
  Donald (D:14)
  3 orc warlords
  A frost giant (IceCv)
  7 greater nagas
  Louise (D:14)
  Gastronok (D:13)
  The ghost of Trafet the Nimble, a powerful DgWz (IceCv)
  3 stone giants
  A minotaur (Lab)
  5 merfolk javelineers
  An ettin (Shoals:1)
  The ghost of raikaria the Thaumaturge, a powerful DrAE of Vehumet (Lair:4)
  8 merfolk impalers
  2 fire dragons
  8 hydras
  2 ice dragons
  The ghost of raikaria the Thaumaturge, a powerful DrWz of Ashenzari (Lair:3)
  4 ogre magi
  14 naga warriors
  A hydra (shapeshifter) (Shoals:2)
  3 centaur warriors
  An alligator snapping turtle (Shoals:2)
  Erica (Lair:5)
  10 anacondas
  A merfolk avatar (Shoals:5)
  4 merfolk aquamancers
  A thrashing horror (Abyss:4)
  2 tengu warriors (D:15)
  9 naga sharpshooters
  Urug (Shoals:1)
  An orc high priest (Orc:4)
  8 shock serpents
  An iron troll (Snake:5)
  A skeletal warrior (D:14)
  3 wretched stars
  7 hill giants
  4 salamander mystics
  A swamp dragon (Shoals:4)
  15 sea snakes
  6 naga ritualists
  3 orc knights (Orc:4)
  A lindwurm (Lair:8)
  A hornet (Snake:2)
  A wolf spider zombie (D:15)
  14 harpies
  8 ugly things
  9 cyclopes
  13 manticores
  5 fauns
  10 salamanders
  6 water nymphs
  13 griffons
  5 mana vipers
  5 orc sorcerers
  7 elephants (Lair:5)
  9 sirens
  A centaur zombie (D:15)
  7 guardian serpents
  3 drowned souls (Shoals:1)
  A rust devil (Orc:1)
  A kobold demonologist (D:14)
  40 black mambas
  A gargoyle (D:15)
  5 torpor snails
  17 naga magi
  15 spiny frogs
  4 yaktaurs (Depths:1)
  An elf (Snake:5)
  14 komodo dragons
  2 ancient zymes (Abyss:4)
  A hellwing (Lair:5)
  3 fire drakes
  A tengu conjurer (D:15)
  11 trolls
  A blue devil (Orc:1)
  A freezing wraith (D:15)
  A harpy zombie (D:15)
  41 merfolk
  A giant leech (Lair:8)
  4 wind drakes
  21 polar bears
  A raiju (Abyss:4)
  A queen bee (shapeshifter) (D:13)
  A queen bee (Lair:6)
  13 slime creatures
  16 two-headed ogres
  A trapdoor spider zombie (D:9)
  8 blink frogs (Lair:5)
  13 snapping turtles
  5 ravens
  A centaur simulacrum (D:12)
  A flying skull (Abyss:3)
  2 wyverns
  3 deep elf magi
  3 basilisks
  15 water elementals
  A human (shapeshifter) (D:14)
  12 hippogriffs
  16 humans (D:14)
  68 yaks
  9 wargs
  3 vampire mosquitoes
  3 insubstantial wisps (Lair:3)
  3 steam dragons
  A hungry ghost (D:10)
  26 wolves
  5 mottled dragons
  Edmund (D:5)
  52 nagas
  9 porcupines
  A trapdoor spider simulacrum (D:13)
  A hell hound (Abyss:4)
  21 water moccasins
  A spider (shapeshifter) (Orc:2)
  A soldier ant (D:13)
  4 large abominations
  2 phantoms
  A small abomination (Abyss:4)
  A necrophage (D:10)
  4 swamp drakes
  A boggart (Snake:5)
  An ice beast (shapeshifter) (Snake:5)
  5 wasps
  6 centaurs
  A sky beast (shapeshifter) (Lair:5)
  4 black bears
  3 ice beasts
  6 sky beasts
  50 orc warriors
  3 eyes of draining
  36 ogres
  Duvessa (D:5)
  A boring beetle (Lair:8)
  2 brain worms
  2 big kobolds (D:10)
  20 crocodiles
  A brain worm (shapeshifter) (Orc:4)
  An earth elemental (Abyss:4)
  20 giant frogs
  23 killer bees
  3 scorpions
  An electric eel (D:13)
  A wyvern skeleton (D:9)
  2 jellies
  A vampire bat (Lair:2)
  6 wights
  Dowan (D:5)
  4 giant frog zombies
  A wyvern simulacrum (D:13)
  3 giant frog skeletons
  13 hounds
  9 crimson imps
  A two-headed ogre zombie (D:13)
  44 orc priests
  4 centaur skeletons
  11 iguanas
  46 orc wizards
  8 worker ants
  4 iron imps
  8 sheep
  Jessica (D:6)
  An ogre zombie (D:13)
  A hound skeleton (D:10)
  25 adders
  2 gnolls
  58 river rats
  5 giant mites
  5 white imps
  15 worms
  5 shadow imps
  5 ufetubi
  3 orc zombies (Orc:4)
  An adder skeleton (D:4)
  7 orc skeletons (Orc:4)
  6 giant geckos
  An ooze (D:9)
  237 orcs
  A ball python (D:1)
  2 bat skeletons
  4 giant cockroaches
  22 hobgoblins
  3 jackals (D:6)
  12 quokkas
  A ball python skeleton (D:5)
  21 bats
  A giant gecko skeleton (D:9)
  4 giant newts
  2 giant spores (D:12)
  18 goblins
  A jackal skeleton (D:4)
  16 kobolds
  14 rats
  38 ballistomycetes
  A plant (Lair:8)
  12 tentacles
  A tentacle segment (Shoals:3)
1702 creatures vanquished.

Vanquished Creatures (collateral kills)
  A kraken (Shoals:2)
  3 greater nagas
  2 merfolk javelineers (Shoals:5)
  A merfolk impaler (Shoals:2)
  A hydra (D:10)
  A merfolk avatar (Shoals:2)
  2 orc high priests (Orc:4)
  2 sea snakes (Snake:5)
  2 naga ritualists (Snake:3)
  An orc knight (Bailey)
  A harpy (Shoals:5)
  A siren (Shoals:2)
  A mana viper (Snake:3)
  2 black mambas
  2 torpor snails (Lair:8)
  A naga mage (Snake:3)
  5 merfolk
  2 giant leeches (Lair:8)
  A snapping turtle (Shoals:5)
  2 large abominations (Abyss:4)
  3 yaks
  A chaos spawn (Orc:4)
  5 nagas
  A wolf (Lair:4)
  4 orc warriors (Orc:4)
  2 brain worms (Lair:8)
  An orc priest (Orc:4)
  A jelly (D:8)
  An iguana (shapeshifter) (D:8)
  An orc wizard (D:9)
  A river rat (Lair:3)
  A gnoll (Bailey)
  A white imp (Bailey)
  7 worms (Lair:8)
  3 orcs
67 creatures vanquished.

Vanquished Creatures (others)
  A fire dragon (Lair:8)
  3 dancing weapons
  A rust devil (Orc:4)
  19 drowned souls
  An orange demon (Shoals:2)
  A komodo dragon (Lair:8)
  A fire elemental (Abyss:4)
  2 wolves (Lair:4)
  A hippogriff (Shoals:2)
  A chaos spawn (Shoals:3)
  An orc warrior (Bailey)
  A big kobold (D:10)
  A scorpion (Shoals:3)
  A goliath beetle (Shoals:3)
  6 crimson imps
  6 quasits
  A hound (D:13)
  7 iron imps
  2 worker ants (Shoals:3)
  An iguana (Lair:8)
  8 shadow imps
  8 white imps
  2 worms
  11 ufetubi
  4 orcs (Bailey)
  A quokka (Lair:5)
  2 giant spores (D:10)
  A river rat zombie (Lair:2)
  A butterfly (IceCv)
  3 fungi
  15 plants
  6 starspawn tentacles
  7 starspawn tentacle segments
  28 tentacles
  2857 tentacle segments
3012 creatures vanquished.

Grand Total: 4781 creatures vanquished
